← All builds
Air / Cortex / Economy first / OBSERVED BUILD

Standard air

Cortex Air build order · Supreme Isthmus

Economy-first air build: Aircraft Plant then Advanced Metal Extractor and Fusion Reactor, making transports and scouts for allies while transitioning into fighters and occasional bombers over the whole game.

Usually transports first (78%)

#eco #air #team support · 1508 distinct matches · 252 players · 81% of Cortex Air games · team won 46% of 1813 · Recently observed

HOW TO PLAY IT

Key timing: Aircraft Plant by 1:24

  1. Open 3 mex and wind, then drop Aircraft Plant early.
  2. Finish Aircraft Plant and start fighters for scouting and defense.
  3. Eat the Aircraft Plant once production needs outgrow it.
  4. Get Advanced Metal Extractor up to scale eco.
  5. Bring Fusion Reactor online and keep feeding transports, scouts, fighters to allies.

Phase by phase

TYPICAL OF ITS 1508 GAMES
  1. 1
  2. 2
  3. 3
PLAY THE OPENING

Follow the example game's first 6:00 step by step: what to build now, what comes next, and where it goes. At 1× it keeps pace with your own game.

  1. 1

    Up to the Aircraft Plant

    Economy
    • Metal Extractor3Mex
    • Wind Turbine4Wind
    Order
    1. Aircraft PlantAircraft Plant after 3 mex, 4 winddone ~1:26, middle half 1:14–1:35

    Some games also: energy storage (38%)

    By 1:07 in all: 3 mex · 4 wind

    The example game in this phase · 3 steps
    1. Mex ×3
    2. Solar ×2
    3. Aircraft PlantAircraft Plantdone 1:10 · typical 1:26
  2. 2

    Aircraft Plant to 5:00

    Economy
    • Metal Extractor1Mex
    • Wind Turbine9Wind
    • Wind Turbine3Wind
    Builders
    • Construction Turret2 Con turret
    • Construction Aircraft1 Con aircraft
    Army
    • Valiant5 Valiant
    • Hercules2 Light transport for allies
    • Finch2 Finch for allies
    • Finch1 Finch
    • Hephaestus1 Heavy transport for allies

    Some games also: shuriken (49%) · energy storage (45%) · converter (44%) · light transport (40%)

    By 5:00 in all: 3 mex · 1 mex · 13 wind · 3 wind · 1 energy storage · 2 con turret

    The example game in this phase · 31 steps
    1. Wind
    2. HerculesLight transportfor Pond
    3. HerculesLight transport
    4. Wind
    5. ShurikenShuriken
    6. Wind
    7. FinchFinch
    8. HerculesLight transportfor Tech
    9. Construction AircraftCon aircraft
    10. Energy storage
    11. HerculesLight transportfor Pond
    12. Mex
    13. ShurikenShuriken
    14. Con turret
    15. ShurikenShuriken
    16. FinchFinch
    17. HephaestusHeavy transportfor Beach sea
    18. FinchFinchfor Beach sea
    19. Wind
    20. FinchFinch
    21. Wind
    22. FinchFinch
    23. HephaestusHeavy transportfor Pond
    24. Wind ×2
    25. FinchFinch
    26. Wind
    27. Con turret
    28. ValiantValiantfor Geo
    29. Wind
    30. Wind
    31. Wind
  3. 3

    5:00 to 10:00

    Economy
    • Wind Turbine21Wind
    • Wind Turbine5Wind
    • Energy Converter6Converter
    Order
    1. Aircraft PlantEat Aircraft Plant
    2. Aircraft PlantAircraft Plant after 19 wind, 18 wind, 7 converterin 58% of games
    Builders
    • Construction Turret3 Con turret
    Army
    • Valiant9 Valiant

    Some games also: shuriken (47%) · fusion (38%) · con aircraft (35%) · light transport (31%)

    By 10:00 in all: 3 mex · 1 mex · 25 wind · 20 wind · 8 converter · 1 energy storage

    The example game in this phase · 158 steps
    1. Wind
    2. Energy storage
    3. Wind
    4. ValiantValiantfor Geo
    5. Wind
    6. Wind
    7. Wind
    8. Wind
    9. Wind
    10. Wind
    11. Wind
    12. Wind
    13. Wind ×3
    14. Con turret
    15. Wind
    16. Wind
    17. ValiantValiantfor Geo
    18. Wind
    19. Wind ×3
    20. Converter
    21. ValiantValiantfor Geo
    22. Wind ×2
    23. Converter
    24. Wind ×2
    25. Converter
    26. ValiantValiantfor Geo
    27. Wind
    28. ValiantValiantfor Geo
    29. Converter
    30. Con turret
    31. Converter
    32. Wind
    33. Converter
    34. ValiantValiantfor Geo
    35. Wind
    36. Converter
    37. Wind
    38. Converter
    39. Wind
    40. Converter
    41. Con turret
    42. Wind
    43. Converter
    44. Wind
    45. Converter
    46. Advanced Metal ExtractorT2 mexdone 8:33 · typical 6:54
    47. Aircraft PlantEat Aircraft Plantreclaimed for its metal
    48. Converter
    49. Advanced Metal ExtractorT2 mex
    50. Aircraft PlantAircraft Plantnot finished by 15:00
    51. Advanced Metal ExtractorT2 mex
    52. Aircraft PlantEat Aircraft Plantreclaimed for its metal
    53. Wind ×5
    54. Aircraft PlantAircraft Plantdone 8:49
    55. Wind
    56. FinchFinch
    57. Wind
    58. FinchFinch
    59. ValiantValiantfor Geo
    60. Wind
    61. ValiantValiantfor Geo
    62. Wind ×2
    63. ValiantValiantfor Geo
    64. Wind
    65. ValiantValiantfor Geo
    66. Advanced Metal ExtractorT2 mex
    67. Wind
    68. ValiantValiantfor Geo
    69. Wind ×2
    70. ValiantValiantfor Geo
    71. Advanced solar
    72. Wind
    73. ValiantValiant ×2for Geo
    74. Wind ×2
    75. ValiantValiant ×4for Geo
    76. Wind
    77. ValiantValiant ×3for Geo
    78. ValiantValiant
    79. WhirlwindWhirlwind
    80. Wind
    81. WhirlwindWhirlwind ×4
    82. Wind
    83. WhirlwindWhirlwind ×2
    84. FinchFinch
    85. WhirlwindWhirlwind ×3
    86. Wind
    87. WhirlwindWhirlwind
    88. Con turret
    89. WhirlwindWhirlwind ×3
    90. ValiantValiant ×2
    91. Wind
    92. ValiantValiant ×3
    93. Wind
    94. ValiantValiant
    95. Wind
    96. ValiantValiant
    97. Wind
    98. ValiantValiant ×2
    99. WhirlwindWhirlwind ×2
    100. Fusion ReactorFusiondone 12:53 · typical 10:52
    101. WhirlwindWhirlwind ×2
    102. ValiantValiant
    103. Wind
    104. ValiantValiant ×2
    105. Wind
    106. ValiantValiant ×2
    107. Wind
    108. ValiantValiant
    109. Wind
    110. ValiantValiant
    111. Wind
    112. ValiantValiant
    113. Wind
    114. ValiantValiant ×2
    115. Wind
    116. ValiantValiant
    117. Wind
    118. ValiantValiant
    119. Wind
    120. ValiantValiant
    121. Wind
    122. ValiantValiant
    123. Wind
    124. ValiantValiant ×2
    125. Wind
    126. ValiantValiant ×2
    127. Wind
    128. ValiantValiant
    129. Wind
    130. ValiantValiant
    131. Wind
    132. ValiantValiant
    133. Wind
    134. ValiantValiant
    135. Wind
    136. ValiantValiant ×2
    137. Wind
    138. ValiantValiant ×2
    139. Wind
    140. ValiantValiant
    141. WhirlwindWhirlwind
    142. Wind
    143. WhirlwindWhirlwind
    144. Wind
    145. WhirlwindWhirlwind
    146. Wind
    147. WhirlwindWhirlwind
    148. Wind
    149. WhirlwindWhirlwind
    150. Wind
    151. WhirlwindWhirlwind
    152. Wind
    153. ValiantValiant
    154. Wind
    155. ValiantValiant
    156. Wind
    157. ValiantValiant ×3
    158. WhirlwindWhirlwind ×3

Counts are medians over the build's games: half of them build more, half fewer. The example game is Milkdragon's (31 OS, 30/09/2026); pick another.

Team trades

IN AT LEAST 30% OF ITS GAMES

You hand over

  • Finch2 Finch to Geo sea or Beach seafirst at 1:50 · in 96% of games
  • Hercules3 Light transport to Tech or Geo sea or Beach seafirst at 2:06 · in 99% of games
  • Hephaestus1 Heavy transport to Beach sea or Pond or Techfirst at 2:23 · in 71% of games

You get

  • Wind Turbine3 Wind from Beach sea or Geo seafirst at 1:37 · in 64% of games
  • Wind Turbine3 Wind from Beach sea or Geo sea or Pondfirst at 1:42 · in 46% of games
  • Construction Bot1 Con bot from Techfirst at 2:22 · in 88% of games
  • Advanced Construction Bot1 T2 con bot from Techfirst at 6:05 · in 96% of games

How it plays out

Typical game of this build, running totals by minute

Metal produced

010k20k30k
0:005:0010:0015:00

metal

Enemy metal destroyed

01k2k
0:005:0010:0015:00

metal

Own metal lost

01k2k3k
0:005:0010:0015:00

metal

1813 games.

Show as table
ByMetal produced: This buildEnemy metal destroyed: This buildOwn metal lost: This build
1:0039200
2:0092300
3:00145600
4:002052051
5:0027635173
6:003711102124
7:005089146167
8:006903190219
9:009285230270
10:0011761292379
11:0014370369533
12:0017069512781
13:00198597811101
14:002270412631689
15:002573618082409
WHAT THE NUMBERS SAY

Standard air play wins less than half its games, with very low combat losses and kills since the role mostly supports rather than fights.

  • + Own metal lost stays very low, only 2701 by 15:00.
  • + Metal production reaches 25740 by 15:00, a strong support economy.
  • − Team wins under half of games (47%).
  • − Enemy metal destroyed stays low at 2097 by 15:00, showing little direct impact.
THE EXAMPLE YOU ARE READING

Milkdragon

30.7 OS · 30/09/2026

Open source match ↗

28 received units · includes a constructor
772 metal received · 84790 energy received

Allied construction assistance is unknown. Timings are observations, not a promise of solo reproducibility.

Typical milestones

Aircraft Plant1:26Middle 50%: 1:14–1:35 · n=1813
Advanced Metal Extractor6:54Middle 50%: 6:27–7:26 · n=1753
Fusion Reactor10:52Middle 50%: 9:46–12:17 · n=1160

Played most by

TheGeneraI114games of this buildDad_The_Speedrunner72games of this buildHunfore62games of this buildDRM52games of this buildMilkdragon52games of this build